 Dungeon Crawl Stone Soup version 0.19.5 (webtiles) character file.

4187 miragecloak the Grappler (level 10, -3/91 HPs)
             Began as a Ghoul Monk on Apr 11, 2017.
             Slain by a yak (18 damage)
             ... on level 9 of the Dungeon.
             The game lasted 00:24:30 (9670 turns).

miragecloak the Grappler (Ghoul Monk)               Turns: 9670, Time: 00:24:31

Health: -3/91      AC:  3    Str: 17    XL:     10   Next: 29%
Magic:  9/9        EV: 15    Int:  5    God:
Gold:   409        SH:  0    Dex: 13    Spells: 0 memorised, 9 levels left

rFire  . . .     SeeInvis .       - Unarmed
rCold  + . .     Gourm    +     r - +0 robe {MR+}
rNeg   + + +     Faith    .     (no shield)
rPois  ∞         Spirit   .     (no helmet)
rElec  .         Reflect  .     D - +0 cloak
rCorr  .         Harm     .     (no gloves)
MR     ++...                    (no boots)
Stlth  ++........               G - amulet of the gourmand
                                u - ring of poison resistance
                                v - ring of protection from magic

@: rotting
A: rotting body, claws 1, carnivore 3, cold resistance 1, negative energy
resistance 3, slow regeneration 1, torment resistance, unbreathing
a: no special abilities


You were on level 9 of the Dungeon.
You were not hungry.

You visited 1 branch of the dungeon, and saw 9 of its levels.

You collected 409 gold pieces.

Inventory:

Armour
 r - a +0 robe of magic resistance (worn)
 t - a cursed +0 buckler
 D - a +0 cloak (worn)
Jewellery
 u - a ring of poison resistance (right claw)
 v - a ring of protection from magic (left claw)
 G - an amulet of the gourmand (around neck)
Wands
 B - a wand of slowing (10/48)
Scrolls
 a - a scroll of magic mapping {unknown}
 d - 3 scrolls of amnesia {unknown}
 e - 5 scrolls of teleportation
 f - 5 scrolls of random uselessness {unknown}
 g - 6 scrolls of identify {unknown}
 h - 2 scrolls of fear {unknown}
 i - 3 scrolls of enchant armour {unknown}
 j - 7 scrolls of enchant weapon {unknown}
 k - a scroll of recharging {unknown}
 p - 2 scrolls of fog {unknown}
 s - 2 scrolls of immolation {unknown}
 w - 3 scrolls of noise {unknown}
 y - 2 scrolls of blinking {unknown}
Potions
 c - 6 potions of curing {unknown}
 l - a potion of berserk rage {unknown}
 m - 3 potions of heal wounds {unknown}
 n - a potion of flight {unknown}
 q - 2 potions of beneficial mutation {unknown}
 z - a potion of agility {unknown}
 A - a potion of degeneration {unknown}
 C - 2 potions of magic {unknown}
Books
 x - a book of Callings

   Spells                             Type                      Level
   a - Summon Small Mammal            Summoning                    1
   b - Call Imp                       Summoning                    2
   c - Call Canine Familiar           Summoning                    3
   d - Summon Guardian Golem          Hexes/Summoning              3
   e - Summon Lightning Spire         Summoning/Air                4
   f - Summon Ice Beast               Ice/Summoning                4
Comestibles
 b - 8 meat rations
 o - a royal jelly
 E - 5 chunks of flesh
 F - a beef jerky


   Skills:
 - Level 9.3 Fighting
 - Level 6.3 Dodging
 - Level 2.6 Stealth
 + Level 11.7 Unarmed Combat


You had 9 spell levels left.
You didn't know any spells.

Dungeon Overview and Level Annotations

Branches:
Dungeon (9/15)             Temple (0/1) D:5
   Lair: D:8-11         Orc: D:9-12

Altars:
Cheibriados
Dithmenos
Elyvilon
Makhleb
Nemelex Xobeh
Vehumet

Shops:
D:4 [

Annotations:
D:3 1 runed door
D:5 1 runed door


Innate Abilities, Weirdness & Mutations

Your body is rotting away.
You thrive on raw meat.
You are immune to poison.
You have sharp fingernails.
You are carnivorous and can eat meat at any time.
Your flesh is cold resistant. (rC+)
You are immune to negative energy. (rN+++)
You regenerate slowly when monsters are visible.
You are immune to unholy pain and torment.
You can survive without breathing.


Message History

You scratch the yak.
The yak is severely wounded.
The yak gores you!
* * * LOW HITPOINT WARNING * * *
You open the door. The yak gores you.
* * * LOW HITPOINT WARNING * * *
Found a silver wand.
Eat one of 7 chunks of flesh? (ye/n/q)
You start eating one of the 7 chunks of flesh.
The yak misses you.
This raw flesh tastes great!
Eat one of 6 chunks of flesh? (ye/n/q)
You start eating one of the 6 chunks of flesh.
The yak gores you!
* * * LOW HITPOINT WARNING * * *
This raw flesh tastes great!
Eat one of 5 chunks of flesh? (ye/n/q)
You start eating one of the 5 chunks of flesh.
The yak gores you!!
You die...

#...........###.
#...............
#...<.......####
#÷######.####
#.## #..# #..#
#Y## ##.# #Y#
#.# #Y# #.# #@#
#_# #'# ### ...
#1# .....
###...../.
........#
#........#
##########


You could see 3 yaks.

Vanquished Creatures
  The ghost of Lucio the Blocker, a novice VSFi of Cheibriados (D:7)
  7 yaks (D:9)
  A hungry ghost (D:7)
  An ice beast (D:7)
  2 phantoms
  A necrophage (D:7)
  A centaur (D:8)
  2 ogres (D:7)
  A big kobold (D:7)
  3 bullfrogs
  3 scorpions
  6 killer bees
  4 wights (D:7)
  3 howler monkeys (D:7)
  2 centaur zombies
  3 crimson imps
  A quasit (D:8)
  3 centaur skeletons
  5 hounds
  2 orc priests
  4 jellies
  2 orc wizards
  5 worker ants
  A hound skeleton (D:5)
  8 gnolls (D:7)
  7 adders
  A shadow imp (D:8)
  An ooze (D:3)
  An adder zombie (D:5)
  An adder skeleton (D:7)
  4 dart slugs
  2 worms
  4 leopard geckos
  14 orcs
  4 bats
  21 giant cockroaches
  7 hobgoblins
  23 jackals
  19 kobolds
  2 quokkas
  3 ball pythons
  2 frilled lizards
  9 goblins
  A jackal zombie (D:5)
  2 quokka skeletons
  A quokka zombie (D:5)
  3 rats
204 creatures vanquished.

Notes
Turn   | Place    | Note
-------+----------+-------------------------------------------
     0 | D:1      | miragecloak the Ghoul Monk began the quest for the Orb.
     0 | D:1      | Reached XP level 1. HP: 19/19 MP: 0/0
   115 | D:1      | Reached XP level 2. HP: 19/26 MP: 1/1
   865 | D:1      | Reached skill level 4 in Unarmed Combat
   975 | D:1      | Reached XP level 3. HP: 27/31 MP: 2/2
  1231 | D:2      | Reached XP level 4. HP: 13/40 MP: 3/3
  1390 | D:2      | Found a sparkling altar of Nemelex Xobeh.
  1623 | D:2      | Found a faded altar of an unknown god.
  2206 | D:3      | Reached skill level 5 in Unarmed Combat
  2417 | D:3      | Found a runed door.
  2662 | D:3      | Reached XP level 5. HP: 46/46 MP: 4/4
  3783 | D:4      | Noticed an ogre
  4321 | D:4      | Found Lopuwolo's Armour Boutique.
  4478 | D:4      | Noticed a phantom
  4631 | D:5      | Entered Level 5 of the Dungeon
  4715 | D:5      | Reached skill level 5 in Fighting
  4715 | D:5      | Reached XP level 6. HP: 36/55 MP: 5/5
  5026 | D:5      | Reached skill level 6 in Unarmed Combat
  5189 | D:5      | Found a white marble altar of Elyvilon.
  5189 | D:5      | Found a runed door.
  5189 | D:5      | Noticed an angel
  5351 | D:5      | Found a staircase to the Ecumenical Temple.
  5444 | D:5      | Reached XP level 7. HP: 53/61 MP: 6/6
  5623 | D:5      | Reached skill level 7 in Unarmed Combat
  5889 | D:6      | Found a radiant altar of Vehumet.
  6313 | D:4      | Reached skill level 8 in Unarmed Combat
  6763 | D:6      | Reached XP level 8. HP: 45/68 MP: 7/7
  7769 | D:7      | Noticed Lucio's ghost (novice VSFi)
  7798 | D:8      | HP: 1/74 [adder (4)]
  8287 | D:7      | Killed Lucio's ghost
  8287 | D:7      | Reached skill level 9 in Unarmed Combat
  8287 | D:7      | Reached XP level 9. HP: 44/83 MP: 8/8
  8603 | D:7      | Found a shadowy altar of Dithmenos.
  8683 | D:7      | Found a snail-covered altar of Cheibriados.
  8765 | D:7      | Reached skill level 10 in Unarmed Combat
  9151 | D:7      | Reached skill level 5 in Dodging
  9510 | D:8      | Noticed a death knight
  9543 | D:9      | Found a burning altar of Makhleb.
  9544 | D:9      | Noticed an Executioner
  9558 | D:9      | Reached XP level 10. HP: 79/91 MP: 9/9
  9581 | D:9      | Reached skill level 11 in Unarmed Combat
  9670 | D:9      | Slain by a yak

Skill      XL: |  1  2  3  4  5  6  7  8  9 10 |
---------------+-------------------------------+-----
Unarmed Combat | 4 5 6 8 9 10 11 | 11.7
Fighting       | 4 5 9 |  9.3
Dodging        | 3 4 6 |  6.3
Stealth        | |  2.6

Action                   |  1- 3 |  4- 6 |  7- 9 | 10-12 || total
-------------------------+-------+-------+-------+-------++-------
Melee: Unarmed           |   105 |   264 |   381 |    34 ||   784
       Punch             |     1 |     5 |    15 |     4 ||    25
  Use: Scroll            |       |     1 |       |       ||     1
 Stab: Sleeping          |     2 |     7 |     3 |       ||    12
  Eat: Chunk             |    16 |    31 |    52 |     7 ||   106
Armor: Robe              |    15 |    29 |    50 |       ||    94
Dodge: Dodged            |    56 |   161 |   264 |    10 ||   491
